 Dungeon Crawl Stone Soup version 0.25-a0-860-gf695395b5c (webtiles) character file.

Game seed: 551029829866700697, levelgen mode: deterministic

125 kae the Sneak (level 5, 0/31 HPs)
             Began as an Octopode Fire Elementalist on Apr 27, 2020.
             Slain by a phantom (8 damage)
             ... on level 4 of the Dungeon.
             The game lasted 00:04:09 (3080 turns).

kae the Sneak (Octopode Fire Elementalist)          Turns: 3080, Time: 00:04:09

Health: 0/31       AC:  1    Str:  7    XL:     5   Next: 9%
Magic:  3/9        EV: 13    Int: 19    God:
Gold:   123        SH:  0    Dex: 12    Spells: 1/9 levels left

rFire    . . .     SeeInvis .   q - +2 hand axe (vamp)
rCold    . . .     Gourm    .   (no shield)
rNeg     . . .     Faith    .   (helmet restricted)
rPois    +         Spirit   .   (no amulet)
rElec    .         Reflect  .   m - ring of poison resistance
rCorr    .         Harm     .   (no ring)
MR       .....                  (no ring)
Stlth    ++++......             (no ring)
HPRegen  0.10/turn              (no ring)
MPRegen  0.11/turn              (no ring)
                                (no ring)
                                (no ring)

@: no status effects
A: almost no armour, stealthy swim, amphibious, 8 rings, constrict 8, camouflage
1, gelatinous body 1
a: no special abilities


You were on level 4 of the Dungeon.
You were not hungry.

You visited 1 branch of the dungeon, and saw 4 of its levels.

You collected 123 gold pieces.

Inventory:

Hand Weapons
 p - a +0 hand axe
 q - a +2 vampiric hand axe (weapon)
Jewellery
 m - a ring of poison resistance (left tentacle)
Scrolls
 a - 2 scrolls of identify
 c - a scroll of magic mapping
 d - 5 scrolls of teleportation
 e - a scroll of enchant armour
 i - a scroll of enchant weapon {unknown}
 j - 2 scrolls of remove curse
Potions
 f - 3 potions of haste {unknown}
 g - a potion of berserk rage
 k - a potion of magic {unknown}
 l - 2 potions of lignification {unknown}
 o - a potion of might
 r - a potion of stabbing
 s - 2 potions of curing
 t - a potion of ambrosia {unknown}
Comestibles
 b - 8 rations


   Skills:
 - Level 2.0 Dodging
 - Level 5.0 Stealth
 + Level 2.7 Spellcasting
 * Level 3.0 Conjurations
 - Level 3.0 Fire Magic


You had one spell level left.
You knew the following spells:

 Your Spells              Type           Power        Failure   Level  Hunger
a - Foxfire               Conj/Fire      ##..         4%          1    None
b - Conjure Flame         Conj/Fire      ##......     14%         3    ###....
c - Sticky Flame          Conj/Fire      ##......     41%         4    ####...

Your spell library contained the following spells:

 Spells                   Type           Power        Failure   Level  Hunger
 Corona                   Hex            #......      16%         1    None
 Ensorcelled Hibernation  Hex/Ice        #.....       24%         2    ##.....
 Dazzling Flash           Conj/Hex       #.....       26%         3    ###....
 Inner Flame              Hex/Fire       #.......     26%         3    ###....
 Confusing Touch          Hex            #.......     43%         3    ###....
 Tukima's Dance           Hex            #.......     43%         3    ###....
 Fireball                 Conj/Fire      ##........   77%         5    ######.


Dungeon Overview and Level Annotations

Branches:
Dungeon (4/15)
 Temple: D:4-7

Altars:
Fedhas
Gozag
Kikubaaqudgha
Okawaru
Uskayaw
Wu Jian
Xom
Zin
The Shining One

Shops:
D:4 (((}

Annotations:
D:4 4 runed translucent doors, Grinder


Innate Abilities, Weirdness & Mutations

You cannot wear most types of armour.
You are very stealthy in the water. (Stealth+)
You are amphibious.
You can wear up to eight rings at the same time.
You can use your tentacles to constrict eight enemies at once.
Your skin changes colour to match your surroundings (Stealth+).
Your rubbery body absorbs attacks. (AC +1, EV +1)


Message History

* * * LOW HITPOINT WARNING * * *
The phantom blinks!
The foxfire hits the phantom.
The phantom is almost destroyed.
Casting: Foxfire (safe; 4% risk of failure)
Confirm with . or Enter, or press ? or * to list all spells.
You conjure some foxfire!
The foxfire hits the phantom but does no damage.
The phantom is almost destroyed.
Casting: Foxfire (safe; 4% risk of failure)
Confirm with . or Enter, or press ? or * to list all spells.
You conjure some foxfire!
The phantom barely misses you.
The foxfire hits the phantom.
The phantom is almost destroyed.
The phantom closely misses you.
Your foxfire dissipates!
Casting: Foxfire (safe; 4% risk of failure)
Confirm with . or Enter, or press ? or * to list all spells.
You conjure some foxfire!
The phantom hits you!
You die...

#..##++##.'.#.##.#...........,,,*
#.##8..8#######..#...........,,,*
#.#8....8# #[...##...........,,,*
..#$....|# ######............,,**
..#|....$# ##**##............***
..#8....8# #=.*%##........##**
..##8.s8#####.##.#..#######
...##++##.'.##.#v#...##
.#........##.#.W@#.##<###
#......##.#.####v#.###..#######
..#######.##....##.# ##.......# *
.## #..######..###........#** ..#
##.....................,, ..##
*############.........,* ...#
#.........** ...# ##>...####*
..## ######


You could see a phantom.

Vanquished Creatures
  5 adders
  3 oozes
  An adder skeleton (D:4)
  2 worms
  A dart slug (D:1)
  3 leopard geckos
  An orc (D:4)
  A ball python (D:3)
  2 giant cockroaches (D:3)
  7 goblins
  4 hobgoblins
  A quokka (D:4)
  5 bats
  6 frilled lizards
  6 kobolds
  8 rats
56 creatures vanquished.

Vanquished Creatures (others)
  111 foxfires
111 creatures vanquished.

Grand Total: 167 creatures vanquished

Notes
Turn   | Place    | Note
-------+----------+-------------------------------------------
     0 | D:1      | kae the Octopode Fire Elementalist began the quest for the
                  | Orb.
     0 | D:1      | Reached XP level 1. HP: 11/11 MP: 3/3
    61 | D:1      | Reached skill level 3 in Stealth
   151 | D:1      | Reached XP level 2. HP: 11/17 MP: 1/5
   994 | D:2      | Reached XP level 3. HP: 15/21 MP: 3/6
  1079 | D:2      | Found an ancient bone altar of Kikubaaqudgha.
  1247 | D:2      | Reached skill level 4 in Stealth
  1474 | D:2      | Found a glowing silver altar of Zin.
  1579 | D:2      | Found an ornate altar of the Wu Jian Council.
  1580 | D:2      | Found an opulent altar of Gozag.
  1714 | D:3      | Reached XP level 4. HP: 21/27 MP: 2/7
  1997 | D:3      | Found a shimmering altar of Xom.
  2024 | D:3      | Found an iron altar of Okawaru.
  2085 | D:3      | Found a glowing golden altar of the Shining One.
  2163 | D:3      | Found a blossoming altar of Fedhas.
  2398 | D:4      | Learned a level 3 spell: Conjure Flame
  2403 | D:4      | Learned a level 4 spell: Sticky Flame
  2431 | D:4      | Found a large runed translucent door.
  2432 | D:4      | Found a large runed translucent door.
  2439 | D:4      | Found Founolul's Gadget Boutique.
  2439 | D:4      | Noticed Grinder
  2439 | D:4      | Paralysed by Grinder for 7 turns
  2771 | D:4      | Found Riddumej's Antique Weapon Emporium.
  2816 | D:4      | Found Kushodi's Antique Weapon Shoppe.
  2855 | D:4      | Found Hemmenung's Antique Weapon Emporium.
  2885 | D:4      | Found a hide-covered altar of Uskayaw.
  2966 | D:4      | Reached XP level 5. HP: 31/31 MP: 6/9
  2982 | D:4      | Found a large runed translucent door.
  2982 | D:4      | Found a large runed translucent door.
  3055 | D:4      | Reached skill level 5 in Stealth
  3062 | D:4      | Noticed a phantom
  3080 | D:4      | Slain by a phantom

Levels and vault maps discovered:
D:1:      saegor_arrival_miasma, layout_basic, minmay_tromino_i2
D:2:      layout_rooms, minitemple, lemuel_coloured_pillars_altar,
          kiku_gazebo_garden_becter, minmay_between
D:3:      layout_loops_ring, tso_oasis_becter, marbit_many_paths,
          okawaru_ov_weapons_minmay, lemuel_round_altar, first_ration
D:4:      layout_cave_pods, eat_drink_and_be_merry_uskayaw, serial_shops,
          kennysheep_mini, nicolae_shop_temple_entry_statues_fountains, shop,
          shop, minmay_hollow_rounded_squares, uniq_grinder

Skill      XL: |  1  2  3  4  5 |
---------------+----------------+-----
Stealth        | 3 4 5 |  5.0
Conjurations   | 2 3 |  3.0
Dodging        | |  2.0
Spellcasting   | |  2.7
Fire Magic     | |  3.0

Action                   |  1- 3 |  4- 6 || total
-------------------------+-------+-------++-------
Melee: Unarmed           |    31 |       ||    31
       Constrict         |    13 |     3 ||    16
       Hand axe          |     9 |    15 ||    24
       Tentacles         |     5 |     3 ||     8
 Cast: Foxfire           |    40 |    32 ||    72
  Use: Scroll            |       |    12 ||    12
 Stab: Sleeping          |     5 |     3 ||     8
       Distracted        |       |     1 ||     1
  Eat: Chunk             |     2 |     5 ||     7
Armor: Skin              |     9 |       ||     9
Dodge: Dodged            |    44 |    16 ||    60

Table legend:
 A = Non-vault XP
 B = Vault XP
 C = Vault XP percentage of total XP
 D = Non-vault monster count
 E = Vault monster count
 F = Vault count percentage of total count
                 A         B        C        D         E       F
            +---------+---------+-------+---------+---------+-------
      Total |     159 |      20 |  11.2 |      51 |       5 |   8.9
            +---------+---------+-------+---------+---------+-------
        D:1 |      22 |       1 |   4.3 |      11 |       1 |   8.3
        D:2 |      45 |       3 |   6.2 |      16 |       2 |  11.1
        D:3 |      68 |       2 |   2.9 |      17 |       1 |   5.6
        D:4 |      24 |      14 |  36.8 |       7 |       1 |  12.5
            +---------+---------+-------+---------+---------+-------
